 Dungeon Crawl Stone Soup version 0.24.0-13-gcf9b319 (webtiles) character file.

Game seed: 15659075861412390085, levelgen mode: deterministic

6505 Fang the Fighter (level 11, -1/71 HPs)
             Began as a Gargoyle Berserker on Nov 25, 2019.
             Was an Elder of Trog.
             Slain by a nine-headed hydra (6 damage)
             ... on level 9 of the Dungeon.
             The game lasted 00:09:00 (7680 turns).

Fang the Fighter (Gargoyle Berserker)               Turns: 7680, Time: 00:09:01

Health: -1/71      AC: 25    Str: 25    XL:     11   Next: 0%
Magic:  11/11      EV: 10    Int:  7    God:    Trog [****..]
Gold:   382        SH:  4    Dex:  9    Spells: 10/10 levels left

rFire    . . .     SeeInvis +   a - +1 war axe
rCold    . . .     Gourm    .   (no shield)
rNeg     + . .     Faith    .   b - +1 plate armour
rPois    ∞         Spirit   .   m - +2 hat {SInv}
rElec    +         Reflect  +   (no cloak)
rCorr    .         Harm     .   (no gloves)
MR       .....                  (no boots)
Stlth    ..........             k - +4 amulet of reflection
HPRegen  0.21/turn              (no ring)
MPRegen  0.12/turn              (no ring)

@: about to teleport
A: negative energy resistance 1, electricity resistance, unbreathing,
petrification resistance, rot immunity, AC +8
a: Berserk, Trog's Hand, Brothers in Arms, Renounce Religion


You were on level 9 of the Dungeon.
You worshipped Trog.
Trog was greatly pleased with you.
You were not hungry.

You visited 2 branches of the dungeon, and saw 10 of its levels.

You collected 382 gold pieces.

Inventory:

Hand Weapons
 a - a +1 war axe (weapon)
Armour
 b - a +1 plate armour (worn)
 m - a +2 hat of see invisible (worn)
Jewellery
 k - a +4 amulet of reflection (around neck)
Wands
 f - a wand of paralysis (10)
 t - a wand of iceblast (11)
 w - a wand of disintegration (18)
Scrolls
 d - a scroll of fear
 e - 4 scrolls of teleportation
 i - 2 scrolls of blinking
 o - 2 scrolls of magic mapping
 r - a scroll of fog {unknown}
 s - 6 scrolls of identify
 x - 3 scrolls of remove curse
Potions
 g - 2 potions of mutation
 j - 4 potions of flight
 n - 3 potions of curing
 p - a potion of haste
Comestibles
 c - 9 rations
 h - 19 chunks of flesh


   Skills:
 + Level 9.5 Fighting
 + Level 8.0 Axes
 + Level 9.3 Armour
 + Level 7.0 Dodging


You had 10 spell levels left.
You didn't know any spells.
Your spell library was empty.

Dungeon Overview and Level Annotations

Branches:
Dungeon (9/15)             Temple (1/1) D:7
   Lair: D:8-11         Orc: D:9-12

Altars:
Dithmenos
Elyvilon
Fedhas
Gozag
Hepliaklqana
Makhleb
Wu Jian
Zin

Shops:
D:6 =


Innate Abilities, Weirdness & Mutations

You are resistant to torment.
Your stone body is resilient. (AC +8)
You are immune to poison.
You resist negative energy. (rN+)
You are resistant to electric shocks. (rElec)
You can survive without breathing.
You are immune to petrification.
You are immune to rotting.


Message History

You block the nine-headed hydra's attack.
The nine-headed hydra bites you but does no damage.
You block the nine-headed hydra's attack.
The nine-headed hydra bites you but does no damage.
The nine-headed hydra barely misses you.
The nine-headed hydra bites you but does no damage. x3
The nine-headed hydra bites you.
* * * LOW HITPOINT WARNING * * *
You feel better. The nine-headed hydra bites you!
* * * LOW HITPOINT WARNING * * *
The nine-headed hydra misses you.
The nine-headed hydra bites you but does no damage.
You block the nine-headed hydra's attack.
The nine-headed hydra bites you but does no damage.
The nine-headed hydra closely misses you.
The nine-headed hydra bites you but does no damage.
The nine-headed hydra bites you.
* * * LOW HITPOINT WARNING * * *
The nine-headed hydra bites you.
You die...

# #.. ##+ # #.. #..# #
#.. #..# #. #.# ..#
#.. #.#W.# #. # #.#y#
# ## #§D# .. #@# #.##
#.# #. # #.## ###..
#..## ##.##. #...##
##...##
####....###+###.....#
.....................
............###...#..#
####..####..# #...#..#


You could see a nine-headed hydra, a phantom and a hornet.

Vanquished Creatures
  A two-headed ogre (D:8)
  An unseen horror (D:9)
  Pikel (D:6)
  Joseph (D:7)
  4 hippogriffs
  2 wyverns
  A black bear (D:9)
  An orc warrior (D:7)
  4 sky beasts
  3 phantoms
  4 ogres
  2 centaurs
  A crocodile (D:7)
  5 bullfrogs
  A big kobold (D:8)
  A wyvern skeleton (D:9)
  5 scorpions
  4 killer bees (D:7)
  A water moccasin skeleton (D:7)
  A wight (D:9)
  3 howler monkeys (D:8)
  A crimson imp (D:6)
  3 hounds
  2 bullfrog zombies
  A centaur skeleton (D:4)
  2 jellies
  4 orc priests
  Crazy Yiuf (D:3)
  9 orc wizards
  3 iguanas
  Jessica (D:3)
  Terence (D:2)
  9 worker ants
  2 hound zombies (D:7)
  A worker ant zombie (D:7)
  5 adders
  A shadow imp (D:5)
  An ooze (D:4)
  2 adder skeletons
  A dart slug (D:4)
  5 leopard geckos
  12 orcs
  7 bats
  4 giant cockroaches
  5 goblins
  4 jackals (D:6)
  6 kobolds
  2 ball pythons
  2 frilled lizards
  A leopard gecko skeleton (D:5)
  A leopard gecko zombie (D:7)
  A quokka skeleton (D:7)
  5 rats
152 creatures vanquished.

Vanquished Creatures (others)
  An orc (D:6)
1 creature vanquished.

Grand Total: 153 creatures vanquished

Notes
Turn   | Place    | Note
-------+----------+-------------------------------------------
     0 | D:1      | Fang the Gargoyle Berserker began the quest for the Orb.
     0 | D:1      | Reached XP level 1. HP: 14/14 MP: 1/1
   975 | D:2      | Reached XP level 2. HP: 10/19 MP: 2/2
  1328 | D:2      | Noticed Terence
  1340 | D:2      | Killed Terence
  1340 | D:2      | Reached XP level 3. HP: 10/24 MP: 3/3
  1375 | D:2      | Reached ** piety under Trog
  2235 | D:3      | Noticed Jessica
  2247 | D:3      | Killed Jessica
  2247 | D:3      | Reached XP level 4. HP: 26/29 MP: 4/4
  2307 | D:3      | Reached XP level 5. HP: 33/33 MP: 5/5
  2383 | D:3      | Found a blossoming altar of Fedhas.
  2558 | D:3      | Found a runed translucent door.
  2559 | D:3      | Noticed Crazy Yiuf
  2701 | D:3      | Killed Crazy Yiuf
  2913 | D:4      | Reached XP level 6. HP: 28/39 MP: 6/6
  3097 | D:4      | Noticed a phantom
  3119 | D:4      | Killed a phantom
  3446 | D:4      | Reached skill level 5 in Fighting
  3446 | D:4      | Reached XP level 7. HP: 41/44 MP: 7/7
  3451 | D:4      | You fall into a shaft and drop 1 floor!
  3451 | D:5      | Entered Level 5 of the Dungeon
  4241 | D:5      | Reached skill level 5 in Armour
  4365 | D:5      | Reached XP level 8. HP: 51/51 MP: 8/8
  4416 | D:5      | You fall into a shaft and drop 1 floor!
  4481 | D:6      | Reached skill level 5 in Axes
  4568 | D:6      | Found a shadowy altar of Dithmenos.
  4662 | D:6      | Found Woisapef's Jewellery Shoppe.
  4781 | D:6      | Noticed Pikel
  4798 | D:6      | Killed Pikel
  4798 | D:6      | Reached XP level 9. HP: 56/56 MP: 9/9
  5268 | D:5      | Found a glowing silver altar of Zin.
  5269 | D:5      | Noticed an angel
  5536 | D:7      | Reached *** piety under Trog
  5536 | D:7      | Reached skill level 5 in Dodging
  5543 | D:7      | Found a staircase to the Ecumenical Temple.
  5594 | Temple   | Entered the Ecumenical Temple
  6210 | D:7      | Noticed Joseph
  6228 | D:7      | Killed Joseph
  6228 | D:7      | Reached XP level 10. HP: 56/64 MP: 10/10
  6588 | D:8      | Reached **** piety under Trog
  6828 | D:8      | Noticed a two-headed ogre
  6839 | D:8      | Killed a two-headed ogre
  7521 | D:9      | Noticed an unseen horror
  7529 | D:9      | Killed an unseen horror
  7532 | D:9      | Reached XP level 11. HP: 52/71 MP: 11/11
  7672 | D:9      | Noticed a four-headed hydra
  7680 | D:9      | Slain by a nine-headed hydra

Levels and vault maps discovered:
D:1:      dpeg_arrival_fog, layout_loops_ring, lemuel_flame_loot_1
D:2:      layout_basic, nicolae_overflow_hidden_temple, serial_bayou,
          serial_bayou_shore_b, serial_bayou_pond_b, serial_bayou_shore_a,
          serial_bayou_shore_b, serial_bayou_ford_a, kennysheep_small_spiral,
          kennysheep_generic_room_4, uniq_terence
D:3:      layout_rooms, fedhas_altar_3, uniq_jessica, uniq_crazy_yiuf_cottage
D:4:      layout_basic
D:5:      minmay_thick_lines, layout_loops_corners, zin_angel, first_ration,
          kennysheep_donut
D:6:      layout_rooms, lemuel_round_altar, serial_shops, shop, uniq_pikel
D:7:      layout_basic, minmay_temple_entry_slanted, uniq_joseph
D:8:      layout_cave_pools
D:9:      minmay_the_grid_octo_2x2 [minmay_the_grid_octo_checkerflower,
          minmay_the_grid_octo_checkered, minmay_the_grid_octo_shrine,
          minmay_the_grid_octo_prize_star], layout_long_grid
Temple:   regret_index_temple_mists

Skill      XL: |  1  2  3  4  5  6  7  8  9 10 |
---------------+-------------------------------+-----
Axes           | 3 4 5 6 8 |  8.0
Dodging        | 2 3 4 6 7 |  7.0
Armour         | 3 4 5 6 7 9 |  9.3
Fighting       | 4 5 6 8 9 |  9.5

Action                   |  1- 3 |  4- 6 |  7- 9 | 10-12 || total
-------------------------+-------+-------+-------+-------++-------
Melee: Hand axe          |   101 |    10 |       |       ||   111
       War axe           |       |   106 |   260 |   184 ||   550
Invok: Berserk           |     2 |     4 |     5 |     2 ||    13
       Trog's Hand       |       |     1 |       |       ||     1
  Use: Scroll            |     5 |     2 |    10 |     1 ||    18
       Potion            |       |       |       |     1 ||     1
 Stab: Sleeping          |     1 |       |       |       ||     1
  Eat: Chunk             |     6 |     8 |    14 |     7 ||    35
Armor: Animal skin       |    55 |    21 |       |       ||    76
       Plate armour      |       |    34 |   240 |   189 ||   463
       Chain mail        |       |     8 |       |       ||     8
Dodge: Dodged            |    81 |    40 |   122 |   133 ||   376
Block: Other             |     6 |    24 |    61 |    41 ||   132
       Reflection        |       |       |     3 |       ||     3
